 Dungeon Crawl Stone Soup version 0.29-a0-393-g47a863cc1b (webtiles) character file.

Game seed: 7258060124262503290

413 NinjaNoafa the Skirmisher (level 6, -6/56 HPs)
             Began as a Minotaur Fighter on May 9, 2022.
             Killed by divine providence
             ... invoked by an orc priest
              (13 damage)
             ... on level 5 of the Dungeon.
             The game lasted 00:04:51 (3628 turns).

NinjaNoafa the Skirmisher (Minotaur Fighter)        Turns: 3628, Time: 00:04:52

Health: -6/56      AC:  9    Str: 28    XL:     6   Next: 59%
Magic:  5/5        EV:  8    Int:  5    God:
Gold:   360        SH:  5    Dex: 10    Spells: 5/5 levels left

rFire   . . .      SeeInvis .   a - +0 war axe
rCold   . . .      Faith    .   c - +0 buckler
rNeg    . . .      Spirit   .   k - +0 chain mail
rPois   .          Reflect  .   (helmet restricted)
rElec   .          Harm     .   (no cloak)
rCorr   .          Rampage  .   (no gloves)
Will    .....                   (no boots)
Stlth   ..........              (no amulet)
HPRegen 0.18/turn               s - +6 ring of strength
MPRegen 0.09/turn               (no ring)

@: no status effects
A: horns 2, retaliatory headbutt
a: no special abilities


You were on level 5 of the Dungeon.
You visited 1 branch of the dungeon, and saw 5 of its levels.

You collected 360 gold pieces.

Inventory:

Hand Weapons
 a - a +0 war axe (weapon)
Missiles
 n - 6 poisoned darts (quivered)
Armour
 c - a +0 buckler (worn)
 k - a +0 chain mail (worn)
Jewellery
 s - a +6 ring of strength (left hand)
 t - a ring of ice
 u - the amulet of Gounk {Reflect *Corrode rPois rN+ Dex+8 SH+5}
   (You found it on level 4 of the Dungeon)

   [amulet of reflection]

   It reflects blocked missile attacks.
   Dex:       It affects your dexterity (+8).
   rPois:     It protects you from poison.
   rN:        It protects you from negative energy.
   *Corrode:  It may corrode you when you take damage.
   SH:        It affects your SH (+5).
Scrolls
 b - a scroll of enchant weapon {unknown}
 e - 2 scrolls of teleportation {unknown}
 f - 5 scrolls of identify {unknown}
 g - a scroll of noise {unknown}
 h - 2 scrolls of magic mapping {unknown}
 j - a scroll of amnesia {unknown}
 l - a scroll of poison {unknown}
 m - a scroll of brand weapon {unknown}
 o - a scroll of enchant armour {unknown}
 w - a scroll of acquirement {unknown}
Potions
 d - 2 potions of might
 i - 3 potions of flight
 p - a potion of heal wounds {unknown}
 q - a potion of ambrosia {unknown}
 r - a potion of curing {unknown}
 v - a potion of brilliance {unknown}


   Skills:
 + Level 5.4 Fighting
 + Level 4.8 Axes
 + Level 5.4 Armour
 + Level 5.4 Shields


You had 5 spell levels left.
You didn't know any spells.
Your spell library contained the following spells:

 Spells                   Type           Power      Damage    Failure   Level
 Magic Dart               Conj           0%         1d3       98%         1
 Slow                     Hex            0%         N/A       98%         1
 Call Imp                 Summ           0%         N/A       99%         2
 Ensorcelled Hibernation  Hex/Ice        0%         N/A       99%         2
 Passwall                 Tmut/Erth      0%         N/A       99%         2
 Confusing Touch          Hex            0%         N/A       100%        3
 Mephitic Cloud           Conj/Pois/Air  0%         N/A       100%        3
 Spider Form              Tmut/Pois      0%         N/A       100%        3
 Swiftness                Air            0%         N/A       100%        3
 Vampiric Draining        Necr           0%         2d6       100%        3
 Anguish                  Hex/Necr       0%         N/A       100%        4


Dungeon Overview and Level Annotations

Branches:
Dungeon (5/15)
 Temple: D:4-7

Altars:
Dithmenos
Elyvilon

Shops:
D:1 (   D:2 [


Innate Abilities, Weirdness & Mutations

You have a pair of horns on your head.
You reflexively headbutt those who attack you in melee.


Message History

You headbutt the orc priest!
The orc priest is heavily wounded.
The orc priest hits you with a +0 club.
You closely miss the orc. Your headbutt misses the orc.
The orc priest calls down the wrath of Beogh upon you.
Beogh smites you!
You slash the orc!
You kill the orc!
You barely miss the orc priest. You headbutt the orc priest!
You kill the orc priest!
The orc priest invokes the aid of Beogh against you.
Pain shoots through your body!
You barely miss the orc. The orc completely misses you.
You hit the orc.
The orc is heavily wounded.
The orc barely misses you.
You slash the orc!
You kill the orc!
You hit the orc.
The orc is moderately wounded.
The orc hits you but does no damage.
The orc priest looks encouraged for a moment.
You hit the orc. You headbutt the orc.
You kill the orc!
The orc priest invokes the aid of Beogh against you.
Beogh smites you!
* * * LOW HITPOINT WARNING * * *
You hit the orc priest but do no damage.
The orc priest barely misses you.
You hit the orc priest but do no damage.
Your headbutt misses the orc priest.
The orc priest mumbles some strange prayers to Beogh against you.
Pain shoots through your body!
* * * LOW HITPOINT WARNING * * *
You closely miss the orc priest. You headbutt the orc priest.
The orc priest is lightly wounded.
The orc priest barely misses you.
The orc priest calls down the wrath of Beogh upon you.
Beogh smites you!
You die...

### #####.....
#.@o......
########.######..
.........# §≈≈#
########.#≈_.≈#
##.#≈⌠>≈# #..§≈≈≈≈#
.###########..######
.......)............
.#######..#########.


You could see an orc priest.

Vanquished Creatures
  A centaur (D:5)
  A necrophage (D:5)
  An orc priest (D:5)
  A hound (D:5)
  A jelly (D:4)
  3 iguanas
  4 adders
  2 worms
  3 dart slugs
  5 orcs
  5 ball pythons
  4 bats
  5 endoplasms
  2 hobgoblins
  4 quokkas
  A frilled lizard (D:1)
  6 goblins
  7 kobolds
  3 rats
59 creatures vanquished.

Vanquished Creatures (others)
  4 plants (D:3)
4 creatures vanquished.

Grand Total: 63 creatures vanquished

Notes
Turn   | Place    | Note
-------+----------+-------------------------------------------
     0 | D:1      | NinjaNoafa the Minotaur Fighter began the quest for the
                  | Orb.
     0 | D:1      | Reached XP level 1. HP: 19/19 MP: 0/0
   340 | D:1      | Found Eniapnumm's Antique Weapon Boutique.
   685 | D:1      | Reached XP level 2. HP: 27/27 MP: 1/1
  1161 | D:2      | Reached XP level 3. HP: 33/33 MP: 2/2
  1413 | D:2      | Found Bedat's Armour Shop.
  2452 | D:4      | Reached XP level 4. HP: 41/41 MP: 3/3
  2513 | D:4      | Identified the +0 leather armour of Mirth {rElec Will+
                  | Stlth-}
  2929 | D:4      | Found a white marble altar of Elyvilon.
  2933 | D:4      | Identified the amulet of Gounk {Reflect *Corrode rPois rN+
                  | Dex+8 SH+5}
  2980 | D:5      | Entered Level 5 of the Dungeon
  3028 | D:5      | Noticed a necrophage
  3036 | D:5      | Reached XP level 5. HP: 5/47 MP: 4/4
  3040 | D:5      | Reached skill level 5 in Fighting
  3040 | D:5      | Reached skill level 5 in Armour
  3040 | D:5      | Reached skill level 5 in Shields
  3370 | D:5      | Reached XP level 6. HP: 37/56 MP: 5/5
  3605 | D:5      | Found a shadowy altar of Dithmenos.
  3628 | D:5      | Killed from afar by an orc priest

Illustrated notes

Levels and vault maps discovered:
D:1:      dpeg_arrival_radiant, layout_loops_cross, serial_shops,
          nicolae_diamond_shop, hex_medium
D:2:      layout_rooms, serial_shops, nicolae_shop_behind_doors
D:3:      layout_loops_ring, minmay_crystal_room, serial_bayou_crossing
D:4:      layout_rooms, mainiacjoe_overflow_six_doors_small
D:5:      layout_basic, general_overflow_altar, st_stairs_4

Skill      XL: |  1  2  3  4  5 |
---------------+----------------+-----
Fighting       | 4 5 |  5.4
Shields        | 4 5 |  5.4
Armour         | 4 5 |  5.4
Axes           | 3 4 |  4.8

Action                   |  1- 3 |  4- 6 || total
-------------------------+-------+-------++-------
Melee: War axe           |    89 |    51 ||   140
       Headbutt          |    15 |    10 ||    25
Throw: Dart              |       |     1 ||     1
Evoke: Wand              |       |     1 ||     1
  Use: Potion            |       |     2 ||     2
Armor: Scale mail        |     8 |       ||     8
       Chain mail        |    44 |    29 ||    73
Dodge: Dodged            |    47 |    31 ||    78
Block: Buckler           |    23 |    15 ||    38

Table legend: (Time is in decaauts)
 A = Elapsed time spent in this place.
 B = Non-inter-level travel time spent in this place.
 C = Inter-level travel time spent in this place.
 D = Time resting spent in this place.
 E = Time spent auto-exploring this place.
 F = Levels seen in this place.
 G = Mean time per level.
                   A        B        C        D        E       F      G
               +--------+--------+--------+--------+--------+-----+--------+
         Total |   3685 |   3427 |    258 |    262 |   2609 |   5 |  737.0 |
       Dungeon |   3685 |   3427 |    258 |    262 |   2609 |   5 |  737.0 |
               +--------+--------+--------+--------+--------+-----+--------+

Top non-repeatable levels by time:
     D:1: 965 daAuts
     D:3: 766 daAuts
     D:2: 711 daAuts
     D:5: 658 daAuts
     D:4: 582 daAuts
